 Dungeon Crawl Stone Soup version 0.28.0-45-g0d030f2227 (webtiles) character file.

Game seed: 4485839838290840801

936 MisterFreud the Basher (level 7, 0/59 HPs)
             Began as a Palentonga Fighter on Apr 12, 2022.
             Was a Believer of Sif Muna.
             Succumbed to a killer bee's poison
             ... on level 6 of the Dungeon.
             The game lasted 00:04:38 (3892 turns).

MisterFreud the Basher (Palentonga Fighter)         Turns: 3892, Time: 00:04:39

Health: 0/59       AC:  6    Str: 26    XL:     7   Next: 87%
Magic:  7/7        EV:  7    Int:  8    God:    Sif Muna [**....]
Gold:   306        SH:  4    Dex: 11    Spells: 6/6 levels left

rFire   . . .      SeeInvis +   t - +1 flail (vorpal)
rCold   . . .      Faith    .   c - +0 buckler
rNeg    . . .      Spirit   .   b - +0 scale mail
rPois   .          Reflect  .   (no helmet)
rElec   .          Harm     .   (no cloak)
rCorr   .          Rampage  .   (no gloves)
Will    .....                   (no barding)
Stlth   ..........              m - amulet of magic regeneration
HPRegen 0.19/turn               u - +6 ring of strength
MPRegen 0.50/turn               (no ring)

@: lethally poisoned (0 -> -7), attractive
A: large, rugged brown scales 3, see invisible, deformed body, roll 1, armoured
tail, reflexive curl
a: Rolling Charge, Renounce Religion, Channel Magic


You were on level 6 of the Dungeon.
You worshipped Sif Muna.
Sif Muna was pleased with you.
You visited 1 branch of the dungeon, and saw 6 of its levels.

You collected 306 gold pieces.

Inventory:

Hand Weapons
 a - a +0 flail
 r - a +0 club
 s - a +2 falchion of holy wrath
 t - a +1 vorpal flail (weapon)
 v - a +0 morningstar
Missiles
 i - 5 boomerangs
 w - 4 poisoned darts
Armour
 b - a +0 scale mail (worn)
 c - a +0 buckler (worn)
Jewellery
 m - an amulet of magic regeneration (around neck)
 u - a +6 ring of strength (left hand)
 z - an amulet of faith
Wands
 q - a wand of iceblast (9)
Scrolls
 e - a scroll of vulnerability {unknown}
 f - 2 scrolls of noise {unknown}
 j - 2 scrolls of teleportation {unknown}
 k - 2 scrolls of enchant weapon {unknown}
 l - 4 scrolls of identify {unknown}
 o - a scroll of amnesia {unknown}
 y - a scroll of fear {unknown}
Potions
 d - a potion of might
 g - 2 potions of heal wounds {unknown}
 h - 3 potions of lignification {unknown}
 n - 3 potions of attraction
 p - a potion of cancellation {unknown}
 x - a potion of berserk rage {unknown}


   Skills:
 + Level 5.5 Fighting
 - Level 8.0 Maces & Flails
 - Level 2.4 Armour
 - Level 2.4 Shields


You had 6 spell levels left.
You didn't know any spells.
Your spell library contained the following spells:

 Spells                   Type           Power      Damage    Failure   Level
 Slow                     Hex            0%         N/A       77%         1
 Static Discharge         Conj/Air       0%         N/A       88%         2
 Sublimation of Blood     Necr           0%         N/A       88%         2
 Wereblood                Tmut           0%         N/A       88%         2
 Confusing Touch          Hex            0%         N/A       98%         3
 Mephitic Cloud           Conj/Pois/Air  0%         N/A       98%         3
 Ozocubu's Armour         Ice            0%         N/A       98%         3
 Vampiric Draining        Necr           0%         2d6       98%         3
 Hailstorm                Conj/Ice       0%         3d3       100%        4
 Lightning Bolt           Conj/Air       0%         1d11      100%        5
 Simulacrum               Ice/Necr       0%         N/A       100%        6
 Summon Hydra             Summ           0%         N/A       100%        7
 Maxwell's Capacitive Co  Air            0%         ∞         100%        8


Dungeon Overview and Level Annotations

Branches:
Dungeon (6/15)             Temple (0/1) D:4

Altars:
Dithmenos
Qazlal
Sif Muna
Xom
Yredelemnul

Annotations:
D:3 3 runed translucent doors, DuloT34's ghost, amateur BaAM
D:5 1 runed translucent door, Domino's ghost, novice MiBe


Innate Abilities, Weirdness & Mutations

You are completely covered in rugged brown scales. (AC +3, +7% HP)
You have supernaturally acute eyesight. (SInv)
Armour fits poorly on your strangely shaped body.
You can roll at nearby foes to attack.
You have a long armoured tail.
You curl defensively after being hit. (AC +7*)


Message History

You barely miss the killer bee.
The killer bee is heavily wounded.
You feel sick. The killer bee stings you.
You are more poisoned.
The killer bee poisons you! The killer bee stings you!
You bludgeon the killer bee!!
You kill the killer bee!
Sif Muna accepts your kill.
You feel sick.
The killer bee stings you but does no damage.
You sock the killer bee!
You kill the killer bee!
Sif Muna accepts your kill.
You feel sick.
The killer bee stings you but does no damage.
You miss the killer bee.
You feel sick. The killer bee closely misses you.
You block the killer bee's attack.
You barely miss the killer bee.
You feel sick. The killer bee stings you.
You are more poisoned.
The killer bee poisons you! The killer bee closely misses you.
You hit the killer bee but do no damage.
You feel very sick. The killer bee stings you.
You are more poisoned.
The killer bee poisons you!
The killer bee stings you but does no damage.
You miss the killer bee.
You feel very sick. The killer bee stings you!
* * * LOW HITPOINT WARNING * * *
The killer bee closely misses you.
You closely miss the killer bee.
* * * LOW HITPOINT WARNING * * *
You feel very sick. You block the killer bee's attack.
The killer bee stings you.
* * * LOW HITPOINT WARNING * * *
Unknown command.
It was a potion of attraction.
You feel attractive to monsters.
You die...

########### #
#......@yy# .#
#.#######.#..#
#.# #..#
######.##
#.......#
#.......#
......#y#
#<####..#
##.##.## #.#
#..# #.# .#
#.# #..# #.# #
#.# .... ..#


You could see 2 killer bees.

Vanquished Creatures
  Grinder (D:3)
  2 ogres (D:5)
  2 phantoms (D:5)
  2 killer bees (D:6)
  3 hounds (D:5)
  A jelly (D:5)
  A bullfrog skeleton (D:2)
  An iguana (D:5)
  An orc wizard (D:3)
  A scorpion zombie (D:3)
  3 adders
  A white imp (D:5)
  An adder zombie (D:3)
  2 worms
  A dart slug (D:2)
  11 orcs
  5 ball pythons
  3 bats (D:3)
  2 endoplasms
  2 giant cockroaches
  4 goblins
  4 hobgoblins
  3 jackals (D:5)
  8 kobolds
  2 quokkas (D:1)
  A frilled lizard (D:3)
  7 rats
75 creatures vanquished.

Notes
Turn   | Place    | Note
-------+----------+-------------------------------------------
     0 | D:1      | MisterFreud the Palentonga Fighter began the quest for the
                  | Orb.
     0 | D:1      | Reached XP level 1. HP: 19/19 MP: 1/1
   343 | D:1      | Reached XP level 2. HP: 25/25 MP: 2/2
   724 | D:1      | Found a faded altar of an unknown god.
   728 | D:1      | Prayed at the altar of an unknown god.
   728 | D:1      | Became a worshipper of Sif Muna the Loreminder
   728 | D:1      | Reached * piety under Sif Muna
   819 | D:2      | Reached skill level 3 in Maces & Flails
  1191 | D:2      | Reached XP level 3. HP: 31/31 MP: 3/3
  1276 | D:2      | Reached skill level 4 in Maces & Flails
  1415 | D:2      | Reached XP level 4. HP: 36/37 MP: 4/4
  1548 | D:3      | Found a shimmering altar of Xom.
  1582 | D:3      | Found a stormy altar of Qazlal.
  1601 | D:3      | Reached ** piety under Sif Muna
  2062 | D:3      | Noticed Grinder
  2071 | D:3      | Killed Grinder
  2072 | D:3      | Reached skill level 6 in Maces & Flails
  2072 | D:3      | Reached XP level 5. HP: 36/43 MP: 5/5
  2072 | D:3      | Reached XP level 6. HP: 42/50 MP: 6/6
  2348 | D:3      | Found a runed translucent gate.
  2348 | D:3      | Found a runed translucent gate.
  2348 | D:3      | Found a runed translucent gate.
  2348 | D:3      | Noticed DuloT34's ghost (amateur BaAM)
  2351 | D:3      | Found a basalt altar of Yredelemnul.
  2581 | D:4      | Found a staircase to the Ecumenical Temple.
  2938 | D:4      | Got the Catalogue of Icy Toxins
  2951 | D:4      | Found a shadowy altar of Dithmenos.
  3085 | D:5      | Entered Level 5 of the Dungeon
  3128 | D:5      | Found a runed translucent door.
  3131 | D:5      | Noticed Domino's ghost (novice MiBe)
  3216 | D:5      | Reached skill level 7 in Maces & Flails
  3281 | D:5      | Gained mutation: You curl defensively after being hit. (AC
                  | +7*) [Palentonga growth]
  3281 | D:5      | Reached XP level 7. HP: 55/55 MP: 7/7
  3378 | D:5      | Reached skill level 8 in Maces & Flails
  3538 | D:5      | Reached skill level 5 in Fighting
  3891 | D:6      | HP: 2/59 [killer bee (3)]
  3892 | D:6      | Succumbed to a killer bee's poison

Illustrated notes

Levels and vault maps discovered:
D:1:      dpeg_arrival_orchard, layout_rooms,
          hellmonk_ecumenical_altar_inner_sanctum
D:2:      layout_rooms
D:3:      layout_loops_cross, nicolae_yredelemnul_ghost_church,
          mainiacjoe_overflow_boulevard, overflow_temple_1_default, uniq_grinder
D:4:      layout_rooms, general_overflow_altar, minmay_temple_entry_tees
D:5:      layout_loops_cross, ebering_ghost_sewer_d
D:6:      layout_loops_corners, mainiacjoe_overflow_24_doors

Skill      XL: |  1  2  3  4  5  6  7 |
---------------+----------------------+-----
Maces & Flails | 3 4 6 7 8 |  8.0
Fighting       | 5 |  5.5
Armour         | |  2.4
Shields        | |  2.4

Action                   |  1- 3 |  4- 6 |  7- 9 || total
-------------------------+-------+-------+-------++-------
Melee: Flail             |    77 |   119 |    29 ||   225
       Tailslap          |     9 |    17 |     4 ||    30
 Abil: Rolling Charge    |    21 |    20 |     4 ||    45
  Use: Potion            |       |       |     1 ||     1
Armor: Scale mail        |    30 |    31 |    11 ||    72
Dodge: Dodged            |    36 |    32 |     6 ||    74
Block: Buckler           |     8 |    23 |     3 ||    34
